 Dungeon Crawl Stone Soup version 0.19.5 (webtiles) character file.

194 tidbits the Gusty (level 5, 3/46 HPs)
             Began as a High Elf Wanderer on Oct 30, 2017.
             Quit the game on level 3 of the Dungeon.
             The game lasted 00:11:47 (1258 turns).

tidbits the Gusty (High Elf Wanderer)               Turns: 1258, Time: 00:11:47

Health: 3/46       AC:  6    Str: 16 (19) XL:     5   Next: 44%
Magic:  11/11      EV: 10    Int: 13 (15) God:
Gold:   135        SH:  0    Dex: 10 (13) Spells: 4 memorised, 3 levels left

rFire  . . .     SeeInvis .     a - +3 war axe (flame)
rCold  . . .     Gourm    .     B - +0 ring mail
rNeg   . . .     Faith    .     (no shield)
rPois  .         Spirit   .     (no helmet)
rElec  .         Reflect  .     (no cloak)
rCorr  .         Harm     .     (no gloves)
MR     .....                    F - +0 pair of boots
Stlth  ..........               (no amulet)
                                (no ring)
                                k - ring of loudness

@: berserking, seriously poisoned (3 -> 1), very slightly contaminated, repel
missiles, very quick
A: no striking features
a: no special abilities


You were on level 3 of the Dungeon.
You were hungry.

You visited 1 branch of the dungeon, and saw 3 of its levels.

You collected 135 gold pieces.

Inventory:

Hand Weapons
 a - a +3 war axe of flaming (weapon)
   (You took it off an orc on level 2 of the Dungeon)
 g - a +2 dagger of venom
   (You took it off a kobold on level 3 of the Dungeon)
 h - a +0 short sword
   (You found it on level 1 of the Dungeon)
 s - a +0 spear
Missiles
 e - 60 stones (quivered)
Armour
 d - a +0 robe
 B - a +0 ring mail (worn)
   (You found it on level 2 of the Dungeon)
 F - a +0 pair of boots (worn)
   (You found it on level 1 of the Dungeon)
Jewellery
 k - a ring of loudness (left hand)
   (You found it on level 1 of the Dungeon)
 p - an uncursed ring of fire
   (You found it on level 1 of the Dungeon)
Scrolls
 i - a scroll of immolation {unknown}
 j - 2 scrolls of amnesia {unknown}
 m - 2 scrolls of teleportation
 q - a scroll of noise {unknown}
 r - 3 scrolls of remove curse
 v - a scroll of enchant armour {unknown}
 x - 2 scrolls of enchant weapon {unknown}
 y - a scroll of blinking {unknown}
 A - a scroll of fear {unknown}
Potions
 o - 3 potions of invisibility
 C - a potion of agility
Books
 b - Vodghann's Collected Works on Transformation

   Spells                             Type                      Level
   a - Beastly Appendage              Transmutation                1
   b - Ignite Poison                  Fire/Transmutation/Poison    3
 f - a book of Air

   Spells                             Type                      Level
   a - Shock                          Conjuration/Air              1
   b - Swiftness                      Charms/Air                   2
   c - Repel Missiles                 Charms/Air                   2
   d - Static Discharge               Conjuration/Air              3
   e - Lightning Bolt                 Conjuration/Air              5
Comestibles
 c - a bread ration
 l - 2 beef jerkies
 n - 2 slices of pizza
 t - 4 fruits


   Skills:
 - Level 3.2 Polearms
 - Level 1.1 Dodging
 - Level 1.1 Stealth
   Level 1.0 Shields
 + Level 3.8 Spellcasting
 + Level 2.9 Conjurations
 + Level 4.8 Air Magic


You had 3 spell levels left.
You knew the following spells:

 Your Spells              Type           Power        Failure   Level  Hunger
a - Shock                 Conj/Air       ##..         12%         1    #......
d - Static Discharge      Conj/Air       ##......     28%         3    ###....
m - Repel Missiles        Chrm/Air       #.....       28%         2    ##.....
W - Swiftness             Chrm/Air       #.......     28%         2    ##.....


Dungeon Overview and Level Annotations

Branches:
Dungeon (3/15)

Altars:
The Shining One


Message History

Casting: Shock
Confirm with . or Enter, or press ? or * to list all spells.
Aiming: Shock
Press: ? - help, Shift-Dir - straight line The zap misses the kobold.
The zap hits the kobold.
The kobold is severely wounded.
You feel sick. The kobold barely misses you.
Casting: Shock
Confirm with . or Enter, or press ? or * to list all spells.
Aiming: Shock
Press: ? - help, Shift-Dir - straight line The zap hits the kobold.
You kill the kobold!
You feel sick.
You feel sick.
You see here a dagger of venom.
g - a dagger of venom You feel sick.
You feel sick.
You feel sick.
You feel sick.
You feel sick.
You feel sick.
A bat comes into view.
You feel sick.
Casting: Shock
Confirm with . or Enter, or press ? or * to list all spells.
Aiming: Shock
Press: ? - help, Shift-Dir - straight line, f - bat
Aim: a bat The zap hits the bat.
The bat is moderately wounded.
You feel sick.
You slash the bat! You burn the bat.
You kill the bat!
You feel sick.
You feel sick.
The phantom blinks!
Found 6 gold pieces.
Found a stone staircase leading down.
You feel sick.
A hobgoblin comes into view. It is wielding a club.
The hobgoblin shouts!
The phantom blinks!
You feel sick.
Found a green potion.
A goblin comes into view. It is wielding a club.
The goblin shouts!
The phantom blinks!
You feel sick.
Casting: Shock
Confirm with . or Enter, or press ? or * to list all spells.
Aiming: Shock
Press: ? - help, Shift-Dir - straight line The zap hits the hobgoblin.
The hobgoblin is moderately wounded.
The zap hits the hobgoblin.
You kill the hobgoblin!
The phantom blinks!
Found 12 bolts.
Found an escape hatch in the floor.
You feel sick.
A worker ant comes into view.
The worker ant twitches its antennae in your direction.
You see here a green potion.
You feel sick.
The worker ant bites you but does no damage.
The worker ant closely misses you.
Casting: Shock
Confirm with . or Enter, or press ? or * to list all spells.
You miscast Static Discharge.
You are very lightly contaminated with residual magic.
There is a short, sharp shower of sparks.
The worker ant bites you.
* * * LOW HITPOINT WARNING * * *
You are more poisoned.
The worker ant poisons you!
It was a potion of degeneration.
There was something very wrong with that liquid.
You feel weakened.
You feel dopey.
You feel clumsy.
* * * LOW HITPOINT WARNING * * *
You feel sick. The worker ant completely misses you.
It was a potion of magic.
Magic courses through your body.
The worker ant bites you but does no damage.
It was a potion of berserk rage.
A red film seems to cover your vision as you go berserk!
You feel yourself moving faster!
You feel mighty!
You feel sick.
The worker ant bites you but does no damage.
The phantom blinks!
The worker ant barely misses you.
You barely miss the worker ant. The worker ant closely misses you.
You completely miss the worker ant. The worker ant bites you.
* * * LOW HITPOINT WARNING * * *
You are feeling hungry.
You hit the worker ant. You burn the worker ant.
The worker ant is heavily wounded.
You feel sick. The worker ant bites you.
* * * LOW HITPOINT WARNING * * *
You slash the worker ant! You burn the worker ant.
You kill the worker ant!
The phantom blinks!
You closely miss the goblin. The goblin barely misses you.
The phantom blinks!
Are you sure you want to abandon this character and quit the game? (Confirm with "yes".)

...####...#..........
####... ........#.##.....
.....# #####..###........
.#..########$....##.>....
........$.......## #.....
..###########W..####...(.
.## ##.!...# ###. ##
##g##.# #.@..# ####.# ..
... ... .. .


You could see a phantom and a goblin.

Vanquished Creatures
  An orc priest (D:3)
  Jessica (D:2)
  A worker ant (D:3)
  5 adders
  2 dart slugs (D:1)
  2 leopard geckos
  3 orcs
  6 bats
  A giant cockroach (D:1)
  14 goblins
  8 hobgoblins
  2 quokkas
  2 ball pythons
  3 frilled lizards (D:1)
  4 kobolds
  7 rats
62 creatures vanquished.

Notes
Turn   | Place    | Note
-------+----------+-------------------------------------------
     0 | D:1      | tidbits the High Elf Wanderer began the quest for the Orb.
     0 | D:1      | tidbits set off with: a book of Air, Vodghann's Collected Works on Transformation, a +0 spear, a +0 robe, a bread ration
     0 | D:1      | Reached XP level 1. HP: 11/11 MP: 2/2
     0 | D:1      | Identified Vodghann's Collected Works on Transformation
    46 | D:1      | Reached skill level 1 in Spellcasting
   124 | D:1      | Found a glowing golden altar of the Shining One.
   135 | D:1      | Reached XP level 2. HP: 6/17 MP: 5/5
   201 | D:1      | Reached skill level 2 in Spellcasting
   302 | D:2      | Learned a level 1 spell: Shock
   305 | D:2      | Learned a level 2 spell: Swiftness
   329 | D:2      | Reached XP level 3. HP: 11/21 MP: 0/7
   415 | D:3      | HP: 2/21 [orc/war axe of flaming (2)]
   495 | D:2      | Reached skill level 1 in Conjurations
   576 | D:1      | Reached skill level 4 in Air Magic
   781 | D:2      | Reached skill level 3 in Spellcasting
   823 | D:2      | Noticed Jessica
   824 | D:2      | Killed Jessica
   824 | D:2      | Reached skill level 2 in Conjurations
   824 | D:2      | Reached XP level 4. HP: 8/27 MP: 6/9
   943 | D:2      | Learned a level 2 spell: Repel Missiles
   948 | D:2      | Learned a level 3 spell: Static Discharge
  1059 | D:3      | Noticed a phantom
  1094 | D:3      | Reached XP level 5. HP: 14/31 MP: 5/11
  1255 | D:3      | HP: 3/46 [worker ant (2)]
  1258 | D:3      | Quit the game

Skill      XL: |  1  2  3 |
---------------+----------+-----
Spellcasting   | 1 2 3 |  3.8
Conjurations   | 2 |  2.9
Air Magic      | 4 |  4.8
Polearms       | |  3.2
Dodging        | |  1.1
Stealth        | |  1.1
Shields        | |  1.0

Action                   |  1- 3 |  4- 6 || total
-------------------------+-------+-------++-------
Melee: Spear             |    41 |       ||    41
       War axe           |     6 |    13 ||    19
 Cast: Shock             |    32 |    30 ||    62
       Repel Missiles    |       |     1 ||     1
       Static Discharge  |       |     1 ||     1
  Use: Scroll            |       |     4 ||     4
       Potion            |       |     3 ||     3
 Stab: Sleeping          |     2 |       ||     2
  Eat: Chunk             |       |     2 ||     2
Armor: Robe              |    14 |       ||    14
       Ring mail         |     2 |    11 ||    13
Dodge: Dodged            |    39 |    12 ||    51

Table legend:
 A = Turns spent in this place as a percentage of turns spent in the entire game.
 B = Non-inter-level travel turns spent in this place as a percentage of non-inter-level travel turns spent in the entire game.
 C = Inter-level travel turns spent in this place as a percentage of turns spent in this place.
 D = Turns resting spent in this place as a percentage of non-inter-level travel turns spent in this place.
 E = Turns spent auto-exploring this place as a percentage of non-inter-level travel turns spent in this place.
 F = Non-inter-level travel turns spent in this place divided by the number of levels of this place that you've seen.
                   A       B       C       D       E      F
               +-------+-------+-------+-------+-------+----------------------
         Total | 100.0 | 100.0 |   0.0 |   0.0 |   0.0 | 409.3
       Dungeon | 100.0 | 100.0 |   0.0 |   0.0 |   0.0 | 409.3
               +-------+-------+-------+-------+-------+----------------------

Table legend:
 A = Kills in this place as a percentage of kills in entire the game.
 B = Kills by you in this place as a percentage of kills by you in the entire game.
 C = Kills by friends in this place as a percentage of kills by friends in the entire game.
 D = Other kills in this place as a percentage of other kills in the entire game.
 E = Experience gained in this place as a percentage of experience gained in the entire game.
 F = Experience gained in this place divided by the number of levels of this place that you have seen.
                   A       B       C       D       E      F
               +-------+-------+-------+-------+-------+----------------------
         Total | 100.0 | 100.0 |  -nan |  -nan | 100.0 |  92.7
       Dungeon | 100.0 | 100.0 |  -nan |  -nan | 100.0 |  92.7
               +-------+-------+-------+-------+-------+----------------------

Vault maps used:
D:1:      dpeg_arrival_simpleton_a, minmay_misc_feat_nine_boxes,
          hangedman_abyss_or_decor_stabs, minmay_misc_feat_iff, tso_altar
D:2:      grunt_ministairs_10, uniq_jessica, uniq_robin
D:3:      first_bread
